 Dungeon Crawl Stone Soup version 0.32-a0-433-g08bcfe7efd (webtiles) character file.

Game seed: 8354929174769823194

735 Sobieck the Ducker (level 7, -1/50 HPs)
             Began as a Coglin Brigand on Feb 22, 2024.
             Was a Follower of Elyvilon.
             Slain by an iguana (6 damage)
             ... on level 5 of the Dungeon.
             The game lasted 00:06:52 (3521 turns).

Sobieck the Ducker (Coglin Brigand)                 Turns: 3521, Time: 00:06:53

Health: -1/50      AC: 10    Str: 11    XL:     7   Next: 74%
Magic:  1/7        EV: 15    Int: 10    God:    Elyvilon [*.....]
Gold:   215        SH:  0    Dex: 18    Spells: 6/6 levels left

rFire   . . .        i - +3 dagger {Jia}
rCold   . . .        j - +2 dagger (protect) {Udom}
rNeg    . . .        b - +0 robe
rPois   .            (helmet restricted)
rElec   .            c - +0 cloak
rCorr   .            (no gloves)
SInv    .            (no boots)
Will    .....        r - amulet of regeneration
Stlth   +++          (no ring)
HPRegen 1.08/turn    (no ring)
MPRegen 0.10/turn

%: no passive effects
@: under a protective aura, immotile, revved
A: off-hand wielding, slow wielding, warmup strikes, legs shutdown, antennae 1,
inability to read after injury 1
a: Renounce Religion, Purification


You were on level 5 of the Dungeon.
You worshipped Elyvilon.
Elyvilon was aware of your devotion.
You visited 1 branch of the dungeon, and saw 5 of its levels.

You collected 215 gold pieces.

Inventory:

Hand Weapons
 a - a +2 dagger {Nimrit}
 d - a +0 dagger {Malena}
 h - a +0 orcbow
 i - a +3 dagger (weapon) {Jia}
 j - a +2 dagger of protection (offhand) {Udom}
Missiles
 k - 16 poisoned darts
 F - 3 curare-tipped darts
 Z - a throwing net
Armour
 b - a +0 robe (worn)
 c - a +0 cloak (worn)
 g - a +0 helmet
Jewellery
 r - an amulet of regeneration (around neck)
Scrolls
 e - a scroll of amnesia
 f - 2 scrolls of torment {unknown}
 l - a scroll of acquirement {unknown}
 R - 2 scrolls of identify
 T - a scroll of teleportation
Potions
 m - a potion of curing {unknown}
 n - a potion of heal wounds {unknown}
 o - a potion of mutation
 H - a potion of haste


   Skills:
 - Level 2.0 Fighting
 - Level 1.7 Short Blades
 + Level 4.5 Ranged Weapons
 - Level 1.7 Throwing
 + Level 5.9 Dodging
 - Level 3.2 Stealth


You had 6 spell levels left.
You didn't know any spells.
Your spell library contained the following spells:

 Spells                   Type           Power      Damage    Failure   Level
 Magic Dart               Conj           0%         1d3       36%         1
 Slow                     Hex            0%         N/A       36%         1
 Scorch                   Fire           0%         2d5       50%         2
 Searing Ray              Conj           0%         2d4       50%         2
 Confusing Touch          Hex            0%         N/A       75%         3
 Sigil of Binding         Hex            0%         N/A       75%         3
 Vampiric Draining        Necr           0%         2d6       75%         3
 Volatile Blastmotes      Fire/Tloc      0%         2d10      75%         3
 Flame Wave               Conj/Fire      0%         2d4       98%         4
 Fulminant Prism          Conj/Alch      0%         3d5       98%         4
 Iskenderun's Mystic Bla  Conj/Tloc      0%         2d3       98%         4
 Summon Cactus Giant      Summ           0%         N/A       100%        6


Dungeon Overview and Level Annotations

Branches:
Dungeon (5/15)
 Temple: D:4-7

Altars:
Cheibriados
Elyvilon

Shops:
D:1 ?

Annotations:
D:2 Sigmund


Innate Abilities, Weirdness & Mutations

You can wield a second weapon in your off-hand.
It takes a long time for you to wield or remove held weapons.
Your first few attacks do less damage.
Attacking and casting redirects power from your legs.
You have a pair of small antennae on your head.
You occasionally lose the ability to read scrolls when taking damage.


Message History

You hit something with your +2 dagger of protection.
Reactivating autopickup.
You feel a bit more experienced. Something hits you.
* * * LOW HITPOINT WARNING * * *
Deactivating autopickup; reactivate with Ctrl-A.
You hit something with your +3 dagger.
You hit something with your +2 dagger of protection.
Something hits you but does no damage. The iguana misses you.
You hit something but do no damage.
You closely miss something with your +2 dagger of protection.
The iguana bites you but does no damage.
You hear some strange, mumbled words.
You are confused.
You feel purified!
You can no longer heal and attempt to pacify others.
You are no longer unable to travel.
You hear some strange, mumbled words.
You are confused.
The iguana closely misses you.
You feel purified! Something hits you.
* * * LOW HITPOINT WARNING * * *
The iguana bites you but does no damage.
You closely miss the iguana with your +2 dagger of protection.
You hit the iguana with your +3 dagger. Something barely misses you.
The iguana bites you.
* * * LOW HITPOINT WARNING * * *
You hit the iguana with your +3 dagger.
The iguana is lightly wounded.
You hit the iguana with your +2 dagger of protection.
The iguana closely misses you.
You hear some strange, mumbled words.
A puff of flame appears from out of thin air!
The puff of flame misses you.
You hit the iguana with your +3 dagger.
The iguana is severely wounded.
You hit the iguana but do no damage. Something hits you.
Elyvilon protects you from harm! The iguana barely misses you.
You completely miss the iguana with your +2 dagger of protection.
The iguana is severely wounded.
You hit the iguana but do no damage.
You hear some strange, mumbled words.
A magic dart appears from out of thin air!
The magic dart hits you but does no damage.
The iguana completely misses you.
You hit the iguana but do no damage.
The iguana is severely wounded.
You closely miss the iguana with your +3 dagger.
The iguana bites you.
You die...

#.#.##.#
#......#
......# ..... #
# .... #.#. ."#
.... #{#
#..#@##
.##..l).####.#
........<.....#
#.###....######
#.#.## #.#.#
?#..# ##.### .


You could see an iguana.

Vanquished Creatures
  2 ogres
  A kobold brigand (D:4)
  A bullfrog (D:4)
  2 bombardier beetles
  A hound (D:4)
  A sleepcap (D:4)
  Jessica (D:3)
  An iguana (D:4)
  An orc wizard (D:5)
  Robin (D:4)
  5 adders
  6 gnolls
  A white imp (D:4)
  2 ribbon worms (D:2)
  11 orcs
  2 ball pythons
  4 bats
  7 endoplasms
  2 giant cockroaches
  17 goblins
  6 hobgoblins
  7 jackals (D:1)
  3 quokkas
  3 frilled lizards
  27 kobolds
  6 rats
121 creatures vanquished.

Notes
Turn   | Place    | Note
-------+----------+-------------------------------------------
     0 | D:1      | Sobieck the Coglin Brigand began the quest for the Orb.
     0 | D:1      | Reached XP level 1. HP: 16/16 MP: 1/1
    52 | D:1      | Reached skill level 1 in Dodging
   163 | D:1      | Reached XP level 2. HP: 16/22 MP: 2/2
   253 | D:1      | Reached skill level 2 in Dodging
   469 | D:1      | Reached XP level 3. HP: 27/27 MP: 3/3
   503 | D:1      | Found The Oracle's Delphic Readings.
   943 | D:2      | Reached skill level 3 in Dodging
  1183 | D:2      | Reached XP level 4. HP: 25/33 MP: 4/4
  1461 | D:2      | Noticed Sigmund
  1519 | D:3      | Noticed Jessica
  1521 | D:3      | Killed Jessica
  1580 | D:3      | Reached skill level 1 in Ranged Weapons
  1622 | D:3      | Reached XP level 5. HP: 38/38 MP: 5/5
  1716 | D:3      | Reached skill level 4 in Dodging
  1952 | D:3      | Found a faded altar of an unknown god.
  1962 | D:3      | Prayed at the altar of an unknown god.
  1962 | D:3      | Became a worshipper of Elyvilon the Healer
  1962 | D:3      | Reached * piety under Elyvilon
  2525 | D:4      | Noticed Robin
  2667 | D:4      | Killed Robin
  2668 | D:4      | Reached XP level 6. HP: 44/44 MP: 6/6
  2755 | D:4      | Reached skill level 3 in Ranged Weapons
  2799 | D:4      | Reached ** piety under Elyvilon
  2966 | D:4      | Reached skill level 5 in Dodging
  2975 | D:4      | Reached XP level 7. HP: 7/50 MP: 7/7
  2976 | D:4      | Gained mutation: You occasionally lose the ability to read
                  | scrolls when taking damage. [potion of mutation]
  2976 | D:4      | Gained mutation: You have a pair of small antennae on your
                  | head. [potion of mutation]
  2996 | D:4      | HP: 2/50 [gnoll/+0 spear (8)]
  3326 | D:4      | Found a snail-covered altar of Cheibriados.
  3326 | D:4      | Found a white marble altar of Elyvilon.
  3476 | D:5      | Entered Level 5 of the Dungeon
  3506 | D:5      | HP: 1/50 [something (2)]
  3517 | D:5      | HP: 1/50 [iguana (4)]
  3519 | D:5      | Elyvilon protects you from harm!
  3521 | D:5      | Slain by an iguana

Illustrated notes

Levels and vault maps discovered:
D:1:      wander_arrival_chamber, layout_loops_corners,
          nicolae_nh_oracle_at_delphi
D:2:      layout_basic, grunt_ministairs_9, feat_on_display, uniq_sigmund
D:3:      layout_loops_ring, hellmonk_ecumenical_altar_pennies_from_heaven,
          uniq_jessica
D:4:      kennysheep_kobold_camp, layout_rooms,
          gammafunk_temple_overflow_elements, grunt_decor_cap,
          hangedman_decor_opposing, kennysheep_small_circle, uniq_robin
D:5:      layout_loops_ring, serial_shops, shop, minmay_ogre_servants,
          uniq_menkaure

Skill      XL: |  1  2  3  4  5  6  7 |
---------------+----------------------+-----
Dodging        | 1 2 3 4 5 |  5.9
Ranged Weapons | 1 2 3 4 |  4.5
Fighting       | |  2.0
Short Blades   | |  1.7
Throwing       | |  1.7
Stealth        | |  3.2

Action                     |  1- 3 |  4- 6 |  7- 9 || total
---------------------------+-------+-------+-------++-------
  Melee: Dagger            |   144 |   319 |   192 ||   655
 Invoke: Purification      |       |       |     4 ||     4
    Use: Scroll            |       |     5 |       ||     5
         Potion            |       |       |     1 ||     1
   Stab: Sleeping          |     9 |     4 |     1 ||    14
 Armour: Robe              |    24 |    75 |    81 ||   180
  Dodge: Dodged            |    39 |    88 |    78 ||   205

Table legend: (Time is in decaauts)
 A = Elapsed time spent in this place.
 B = Non-inter-level travel time spent in this place.
 C = Inter-level travel time spent in this place.
 D = Time resting spent in this place.
 E = Time spent auto-exploring this place.
 F = Levels seen in this place.
 G = Mean time per level.
                   A        B        C        D        E       F      G
               +--------+--------+--------+--------+--------+-----+--------+
         Total |   3488 |   3411 |     77 |    256 |   2342 |   5 |  697.6 |
       Dungeon |   3488 |   3411 |     77 |    256 |   2342 |   5 |  697.6 |
               +--------+--------+--------+--------+--------+-----+--------+

Top non-repeatable levels by time:
     D:3: 1083 daAuts
     D:4: 896 daAuts
     D:1: 895 daAuts
     D:2: 573 daAuts
     D:5: 40 daAuts
